 Dungeon Crawl Stone Soup version 0.27-a0-1612-gde56a17b89 (console) character file.

Game seed: 9233893423944155876

1881 pigah the Arsonist (level 9, -23/53 HPs)
             Began as an Octopode Wanderer on July 22, 2021.
             Was an Initiate of Sif Muna.
             Hit by a large rock thrown by a cyclops (31 damage)
             ... on level 7 of the Dungeon.
             The game lasted 00:14:26 (8345 turns).

pigah the Arsonist (Octopode Wanderer)              Turns: 8345, Time: 00:14:26

Health: -23/53     AC:  3    Str: 15    XL:     9   Next: 14%
Magic:  20/20      EV: 12    Int: 19    God:    Sif Muna [......]
Gold:   312        SH:  0    Dex: 12    Spells: 15/23 levels left

rFire    . . .     SeeInvis .   b - +1 war axe (venom)
rCold    . . .     Faith    .   (no shield)
rNeg     . . .     Spirit   .   t - +2 hat
rPois    .         Reflect  .   s - amulet of magic regeneration
rElec    .         Harm     .   j - +6 ring of strength
rCorr    .         Rampage  .   (no ring)
Will     .....                  (no ring)
Stlth    +++.......             (no ring)
HPRegen  0.17/turn              (no ring)
MPRegen  0.42/turn              (no ring)
                                (no ring)
                                (no ring)

@: no status effects
A: almost no armour, amphibious, 8 rings, camouflage 1, gelatinous body 1,
(nimble swimmer 1), tentacles
a: Renounce Religion


You were on level 7 of the Dungeon.
You worshipped Sif Muna.
Sif Muna was noncommittal.
You visited 2 branches of the dungeon, and saw 8 of its levels.

You collected 312 gold pieces.

Inventory:

Hand Weapons
 a - a +2 vampiric dagger
 b - a +1 war axe of venom (weapon)
 o - a +0 dagger
Armour
 t - a +2 hat (worn)
Jewellery
 j - a +6 ring of strength (left tentacle)
 l - a ring of ice
 s - an amulet of magic regeneration (around mantle)
Wands
 k - a wand of charming (4)
 y - a wand of paralysis (5)
Scrolls
 d - 3 scrolls of noise {unknown}
 f - 2 scrolls of acquirement {unknown}
 g - 3 scrolls of identify {unknown}
 i - a scroll of summoning {unknown}
 m - 2 scrolls of immolation {unknown}
 p - 2 scrolls of vulnerability {unknown}
 q - a scroll of fog {unknown}
 r - 2 scrolls of amnesia {unknown}
 v - a scroll of torment {unknown}
 w - 2 scrolls of teleportation
Potions
 c - 2 potions of berserk rage {unknown}
 e - 3 potions of curing {unknown}
 h - 2 potions of haste {unknown}
 n - 2 potions of invisibility {unknown}
 u - a potion of magic {unknown}
 x - a potion of brilliance {unknown}


   Skills:
 - Level 1.0 Fighting
 - Level 4.0 Stealth
 - Level 1.0 Unarmed Combat
 * Level 7.5 Spellcasting
 - Level 1.9 Conjurations
 * Level 8.9 Fire Magic


You had 15 spell levels left.
You knew the following spells:

 Your Spells              Type           Power      Damage    Failure   Level
a - Foxfire               Conj/Fire      100%       2x1d9     1%          1
b - Inner Flame           Hex/Fire       24%        N/A       4%          3
c - Sticky Flame          Conj/Fire      27%        2d5       11%         4

Your spell library contained the following spells:

 Spells                   Type           Power      Damage    Failure   Level
 Conjure Flame            Conj/Fire      27%        6-21      3%          3
 Pain                     Necr           28%        1d5       10%         1
 Tukima's Dance           Hex            7%         N/A       28%         3
 Vampiric Draining        Necr           3%         2d6       28%         3
 Fireball                 Conj/Fire      13%        3d7       28%         5
 Passage of Golubria      Tloc           N/A        N/A       67%         4
 Yara's Violent Unravell  Hex/Tmut       3%         3d4       95%         5


Dungeon Overview and Level Annotations

Branches:
Dungeon (7/15)             Temple (1/1) D:5

Altars:
Ashenzari
Cheibriados
Dithmenos
Elyvilon
Fedhas
Gozag
Hepliaklqana
Kikubaaqudgha
Makhleb
Nemelex Xobeh
Okawaru
Qazlal
Ru
Sif Muna
Trog
Uskayaw
Vehumet
Wu Jian
Xom
Yredelemnul
Zin
The Shining One


Innate Abilities, Weirdness & Mutations

You cannot wear most types of armour.
You are amphibious.
You can wear up to eight rings at the same time.
Your skin changes colour to match your surroundings (Stealth+).
Your rubbery body absorbs attacks. (AC +1, EV +1)
((You are camouflaged near water. (Stealth+)))
You have tentacles for arms and can constrict up to eight enemies at once.


Message History

Found a rapier.
x - a cyan potion You open the door.
There is an open door here.
y - a wand of paralysis (7)
Found 11 gold pieces.
You now have 312 gold pieces (gained 11).
You open the door.
There is an open door here.
The cyclops shouts!
The cyclops throws a large rock.
The large rock hits you!
Aiming: Charm
Press: ? - help, Shift-Dir - straight line, f - cyclops
Aim: a cyclops, quivering large rocks (chance to affect: 28%)
The cyclops easily resists.
Aiming: Charm
Press: ? - help, Shift-Dir - straight line, p - cyclops The cyclops easily resists.
The cyclops throws a large rock.
The large rock hits you!!
Ouch! That really hurt!
* * * LOW HITPOINT WARNING * * *
Unknown command.
Aiming: Charm
Press: ? - help, Shift-Dir - straight line, f - cyclops
Aim: a cyclops, quivering large rocks (chance to affect: 28%)
The cyclops easily resists.
Cleave: b) +1 war axe (venom)
Press: ? - help, Dir - move target, f - you, p - cyclops That would be overly suicidal.
Okay, then.
Aiming: Paralyse
Press: ? - help, Shift-Dir - straight line, f - cyclops
Aim: a cyclops, quivering large rocks (chance to affect: 28%)
The cyclops easily resists.
Unknown command.
Aiming: Paralyse
Press: ? - help, Shift-Dir - straight line, f/p - cyclops
Aim: a cyclops, quivering large rocks (chance to affect: 28%)
The cyclops easily resists.
The cyclops throws a large rock.
The large rock hits you!!
Ouch! That really hurt!
You die...

#....# #....# #....# #....# #<...#
............ #......#....#
............ #.....)#....# ...........
#......###'## ........#
#......#....######.......#
#......#.....#...#.......#
#......#.....#...#.......#
#.[....#.....+...'.......#
+......##'####...#.......#
#...........####'#.......#
#...........#....#.......# .
#...........#....#.......+.....
...#####'#.....+....#......)#....
.........#.....###+##.......#..C#
#+###....#....@.............#...######
#....####'#.............#.........
#.........#..C........C.#.........
#.........#.............#.........
#.........#.............'...#
#.....#..##.............#...#
########## ####+#.......#....+
#.......#....# #.......#....#
.########...## ....# .....


You could see a cyclops.

Vanquished Creatures
  2 ogres
  A steam dragon (D:6)
  A black bear (D:6)
  An ice beast (D:7)
  A centaur (D:7)
  A phantom (D:6)
  2 scorpions
  5 wights (D:6)
  A centaur zombie (D:6)
  3 hounds
  A jelly (D:4)
  A bullfrog zombie (D:6)
  Crazy Yiuf (D:6)
  A bullfrog skeleton (D:6)
  2 centaur skeletons
  4 orc wizards (D:4)
  4 iguanas
  2 hound skeletons
  4 gnolls
  7 adders
  A shadow imp (D:7)
  3 worms
  16 orcs
  6 endoplasms
  5 giant cockroaches
  10 goblins
  7 hobgoblins
  7 jackals
  5 quokkas
  7 ball pythons
  2 bats (D:1)
  5 frilled lizards
  6 rats
125 creatures vanquished.

Vanquished Creatures (collateral kills)
  The ghost of jr88keys the Shield-Bearer, an amateur OpFi (D:4)
  2 ogres (D:4)
  4 foxfires (D:2)
7 creatures vanquished.

Vanquished Creatures (others)
  552 foxfires
  2 withered plants (D:2)
554 creatures vanquished.

Grand Total: 686 creatures vanquished

Notes
Turn   | Place    | Note
-------+----------+-------------------------------------------
     0 | D:1      | pigah the Octopode Wanderer began the quest for the Orb.
     0 | D:1      | pigah set off with the following items: a +0 dagger, a
                  | scroll of teleportation; and the following spells available
                  | to memorise: Foxfire, Pain, Conjure Flame, Inner Flame,
                  | Vampiric Draining, Sticky Flame, Fireball
     0 | D:1      | Reached XP level 1. HP: 13/13 MP: 2/2
     2 | D:1      | Learned a level 1 spell: Foxfire
   291 | D:1      | Reached XP level 2. HP: 18/18 MP: 0/3
  1011 | D:1      | Reached XP level 3. HP: 21/23 MP: 5/5
  1744 | D:2      | Learned a level 3 spell: Inner Flame
  1780 | D:2      | Reached skill level 5 in Fire Magic
  1780 | D:2      | Reached XP level 4. HP: 28/28 MP: 0/7
  1869 | D:2      | Found a faded altar of an unknown god.
  2259 | D:3      | Found an ornate altar of the Wu Jian Council.
  2307 | D:3      | Reached skill level 1 in Conjurations
  3020 | D:4      | Reached XP level 5. HP: 28/33 MP: 1/9
  3407 | D:4      | Reached XP level 6. HP: 38/38 MP: 3/10
  3568 | D:4      | Noticed jr88keys's ghost (amateur OpFi)
  3639 | D:4      | Learned a level 4 spell: Sticky Flame
  3784 | D:4      | Reached skill level 6 in Fire Magic
  4328 | D:4      | Found a transporter.
  4338 | D:4      | Found a transporter.
  4402 | D:4      | Killed jr88keys's ghost
  4403 | D:4      | Reached XP level 7. HP: 43/43 MP: 13/13
  4441 | D:4      | Killed an ogre
  4566 | D:5      | Entered Level 5 of the Dungeon
  4572 | D:5      | Reached skill level 5 in Spellcasting
  4631 | D:5      | Reached skill level 7 in Fire Magic
  4751 | D:5      | Found a staircase to the Ecumenical Temple.
  4763 | Temple   | Entered the Ecumenical Temple
  4967 | Temple   | Became a worshipper of Sif Muna the Loreminder
  5027 | D:5      | Reached XP level 8. HP: 48/48 MP: 9/16
  6892 | D:6      | Reached skill level 8 in Fire Magic
  7297 | D:6      | Found a runed translucent door.
  7298 | D:6      | Noticed Crazy Yiuf
  7859 | D:6      | Killed Crazy Yiuf
  7949 | D:6      | Reached XP level 9. HP: 53/53 MP: 15/19
  8188 | D:7      | Noticed a cyclops
  8345 | D:7      | Hit by a large rock thrown by a cyclops

Illustrated notes

Levels and vault maps discovered:
D:1:      wander_arrival_fairy_ring, layout_basic
D:2:      layout_loops_ring, ebering_ecumenical_altar_petrified,
          minmay_tetromino_t2
D:3:      layout_rooms, nicolae_overflow_crystal_walls,
          kennysheep_cluttered_room, kennysheep_generic_room_8
D:4:      layout_cave_pools, gammafunk_ghost_smash
D:5:      layout_basic, minmay_temple_entry_glassed_door, kennysheep_nub
D:6:      layout_cave_pods, grunt_tough_drop, uniq_crazy_yiuf_cottage
D:7:      layout_gridville, serial_shops, nicolae_square_shop, hex_tiny
Temple:   minmay_crystal_snake_temple

Skill      XL: |  1  2  3  4  5  6  7  8 |
---------------+-------------------------+-----
Spellcasting   | 2 3 4 5 7 |  7.5
Fire Magic     | 5 6 7 8 |  8.9
Conjurations   | 1 |  1.9
Fighting       | |  1.0
Stealth        | |  4.0
Unarmed Combat | |  1.0

Action                   |  1- 3 |  4- 6 |  7- 9 || total
-------------------------+-------+-------+-------++-------
Melee: Dagger            |     9 |     6 |    21 ||    36
       Constrict         |     4 |     1 |     3 ||     8
       Tentacles         |     3 |     3 |     6 ||    12
       War axe           |       |       |     2 ||     2
 Cast: Foxfire           |    56 |   142 |   126 ||   324
       Sticky Flame      |       |       |    11 ||    11
Evoke: Wand              |       |     3 |     5 ||     8
Armor: Skin              |     2 |     1 |     9 ||    12
Dodge: Dodged            |    13 |    21 |    42 ||    76

Table legend: (Time is in decaauts)
 A = Elapsed time spent in this place.
 B = Non-inter-level travel time spent in this place.
 C = Inter-level travel time spent in this place.
 D = Time resting spent in this place.
 E = Time spent auto-exploring this place.
 F = Levels seen in this place.
 G = Mean time per level.
                   A        B        C        D        E       F      G
               +--------+--------+--------+--------+--------+-----+--------+
         Total |   8348 |   7980 |    368 |    384 |   6684 |   8 | 1043.5 |
       Dungeon |   7751 |   7450 |    301 |    175 |   6371 |   7 | 1107.3 |
        Temple |    596 |    529 |     67 |    209 |    313 |   1 |  596.0 |
               +--------+--------+--------+--------+--------+-----+--------+

Top non-repeatable levels by time:
     D:6: 1616 daAuts
     D:4: 1487 daAuts
     D:5: 1192 daAuts
     D:1: 1176 daAuts
     D:2: 1040 daAuts
     D:3: 862 daAuts
  Temple: 596 daAuts
     D:7: 375 daAuts
